cohdb
Replays
Latest Replays
All Replays
Popular Replays
Top Player Replays
Match Explorer
How It Works
Community
CoH3 Stats
Reddit
Sign in to upload your games and track your stats! →
Sign in with Steam
Match 45498403
Unlisted
Match 45498403
Overview
Messages
Build Orders
End
Kettenkrad Recon Vehicle
Construct Infanterie Kompanie
MG 42 Machine Gun Team
Grenadier Squad
Grenadier Squad
Grenadier Squad
Construct Panzergrenadier Kompanie
Medical Bunker
Pak 40 Anti-tank Gun Team
Selects Breakthrough Battlegroup
Selects Assault Grenadiers
Selects Smoke Bombing Run
Construct Panzer Kompanie
Stoßtruppen Squad
Selects Incendiary Bombing Run
Incendiary Bombing Run
Selects Rapid Production
Panzer IV Medium Tank
Pioneer Squad
Side Skirts
wila
LittleFatty233
Rampart Basilone
LUL
MrLoser ★
shor
BERKSHIRE10
Lord Curzon
0
0
Comments
sign in to comment!
No comments posted yet!